 Dungeon Crawl Stone Soup version 0.29.1-1-gd02db69 (webtiles) character file.

Game seed: 9367432636382021796

276 Dorkslayer the Covered (level 6, 0/38 HPs)
             Began as a Gargoyle Fighter on Oct 26, 2022.
             Frozen to death by an endoplasm (3 damage)
             ... on level 4 of the Dungeon.
             The game lasted 00:05:44 (2919 turns).

Dorkslayer the Covered (Gargoyle Fighter)           Turns: 2919, Time: 00:05:45

Health: 0/38       AC: 16    Str: 20    XL:     6   Next: 25%
Magic:  6/6        EV:  7    Int:  8    God:
Gold:   160        SH:  4    Dex: 11    Spells: 5/5 levels left

rFire   . . .      SeeInvis .   a - +0 long sword
rCold   . . .      Faith    .   c - +0 buckler
rNeg    + . .      Spirit   .   u - +0 chain mail
rPois   ∞          Reflect  .   s - +0 helmet
rElec   +          Harm     .   j - +0 cloak
rCorr   .          Rampage  .   (no gloves)
Will    .....                   (no boots)
Stlth   ..........              (no amulet)
HPRegen 0.12/turn               (no ring)
MPRegen 0.10/turn               (no ring)

@: mighty
A: sickness immunity, AC +4, negative energy resistance 1, electricity
resistance, torment resistance 1, petrification resistance
a: no special abilities


You were on level 4 of the Dungeon.
You visited 1 branch of the dungeon, and saw 4 of its levels.

You collected 160 gold pieces.

Inventory:

Hand Weapons
 a - a +0 long sword (weapon)
Missiles
 h - 6 boomerangs (quivered)
Armour
 c - a +0 buckler (worn)
 j - a +0 cloak (worn)
 s - a +0 helmet (worn)
 u - a +0 chain mail (worn)
Wands
 n - a wand of paralysis (9)
Scrolls
 e - 4 scrolls of identify {unknown}
 f - 3 scrolls of teleportation {unknown}
 i - a scroll of noise {unknown}
 o - a scroll of fear {unknown}
 p - a scroll of brand weapon {unknown}
 q - 2 scrolls of poison {unknown}
 r - a scroll of magic mapping {unknown}
Potions
 b - a potion of flight {unknown}
 d - 2 potions of might
 g - 5 potions of attraction {unknown}
 k - a potion of magic {unknown}
 l - a potion of curing {unknown}
 m - a potion of lignification {unknown}
 t - a potion of brilliance {unknown}


   Skills:
 + Level 4.1 Fighting
 + Level 3.7 Long Blades
 + Level 4.1 Armour
 + Level 1.7 Dodging
 + Level 0.2 Stealth
 + Level 3.9 Shields
 * Level 1.1 Evocations


You had 5 spell levels left.
You didn't know any spells.
Your spell library contained the following spells:

 Spells                   Type           Power      Damage    Failure   Level
 Freeze                   Ice            0%         1d3       99%         1
 Poisonous Vapours        Pois/Air       0%         N/A       100%        2
 Frozen Ramparts          Ice            0%         1d1       100%        3
 Corpse Rot               Necr/Pois/Air  0%         N/A       100%        4
 Hailstorm                Conj/Ice       0%         3d3       100%        4


Dungeon Overview and Level Annotations

Branches:
Dungeon (4/15)
 Temple: D:4-7

Altars:
Ru
Wu Jian

Shops:
D:1 [

Annotations:
D:4 Menkaure


Innate Abilities, Weirdness & Mutations

You are immune to sickness and miasma.
Your stone body is resilient. (AC +4)
You are immune to poison.
You resist negative energy. (rN+)
You are resistant to electric shocks. (rElec)
You are resistant to unholy torment.
You are immune to petrification.


Message History

An endoplasm comes into view.
Throw: 6 boomerangs
Press: ? - help, Q - select action, (/) - cycle Shift-Dir - straight line, f - Menkaure
Aim: Menkaure (73% to hit)
You throw a boomerang. The boomerang hits Menkaure.
Menkaure is lightly damaged.
Unknown command.
You slash Menkaure!
Menkaure is heavily damaged.
Menkaure hits you!
You hit Menkaure but do no damage.
Menkaure is heavily damaged.
Menkaure hits you!
You hit Menkaure.
Menkaure is heavily damaged.
Menkaure calls on the powers of darkness!
Your body is wracked with pain!
The endoplasm convulses!
You hit Menkaure.
Menkaure is severely damaged.
Menkaure calls on the powers of darkness!
Your body is wracked with pain!
* * * LOW HITPOINT WARNING * * *
The endoplasm convulses!
You slash Menkaure!
Menkaure is almost destroyed.
You block the endoplasm's attack. Menkaure barely misses you.
The endoplasm freezes you.
You are frozen.
* * * LOW HITPOINT WARNING * * *
You feel very mighty all of a sudden. Menkaure hits you!
* * * LOW HITPOINT WARNING * * *
The endoplasm barely misses you.
Menkaure gestures wildly while chanting.
Menkaure seems to speed up.
You barely miss the endoplasm.
The endoplasm is heavily wounded.
The endoplasm freezes you.
You are frozen.
You die...

#....##.#####
#.#
#...........#
#..
#.#.###.###.#
#.. # #.###
#.# .#####. #.
#.# #.#
.......
#.##.#####.#
.#####.
##..M.......#
## ##
#...J........
#
#...##@######.
. #.... #.# .
#. #...M ..#
#. .... ....
#. #... ....#
. ...#.#
...##.# ##.#
#.#


You could see Menkaure (fast) and an endoplasm.

Vanquished Creatures
  A necrophage (D:4)
  A hound (D:4)
  Natasha (twice) (D:3)
  5 adders
  An ufetubus (D:4)
  2 worms
  4 dart slugs
  An orc (D:4)
  5 endoplasms
  5 giant cockroaches
  8 goblins
  4 hobgoblins
  4 jackals (D:2)
  2 quokkas
  6 ball pythons
  5 bats
  4 frilled lizards
  7 kobolds
  7 rats
  A spectral goblin (D:3)
75 creatures vanquished.

Notes
Turn   | Place    | Note
-------+----------+-------------------------------------------
     0 | D:1      | Dorkslayer the Gargoyle Fighter began the quest for the
                  | Orb.
     0 | D:1      | Reached XP level 1. HP: 14/14 MP: 1/1
    73 | D:1      | Reached XP level 2. HP: 12/19 MP: 2/2
   328 | D:1      | Found Oruadar's Antique Armour Boutique.
   622 | D:1      | Reached XP level 3. HP: 23/23 MP: 3/3
  1579 | D:2      | Reached skill level 1 in Dodging
  1713 | D:3      | Reached XP level 4. HP: 25/28 MP: 4/4
  1888 | D:3      | Found a faded altar of an unknown god.
  1985 | D:3      | Found a sacrificial altar of Ru.
  2126 | D:3      | Found an ornate altar of the Wu Jian Council.
  2170 | D:3      | Noticed Natasha
  2182 | D:3      | Killed Natasha
  2183 | D:3      | Reached XP level 5. HP: 33/33 MP: 5/5
  2362 | D:3      | Noticed Natasha
  2374 | D:3      | Killed Natasha
  2893 | D:4      | Reached skill level 1 in Evocations
  2893 | D:4      | Reached XP level 6. HP: 36/38 MP: 6/6
  2907 | D:4      | Noticed Menkaure
  2919 | D:4      | Frozen to death by an endoplasm

Illustrated notes

Levels and vault maps discovered:
D:1:      dpeg_arrival_radiant, layout_loops_ring, serial_shops, shop
D:2:      layout_basic
D:3:      layout_rooms, nicolae_ru_the_path_less_chosen,
          nzn_wu_jian_contemplation, dreamdust_ecumenical_altar_drowned_temple,
          nicolae_kite_square_tiling_tiny, grunt_decor_one_mirror, uniq_natasha
D:4:      layout_loops_ring, uniq_menkaure

Skill      XL: |  1  2  3  4  5 |
---------------+----------------+-----
Long Blades    | 2 3 |  3.7
Dodging        | 1 |  1.7
Armour         | 4 |  4.1
Fighting       | 4 |  4.1
Evocations     | 1 |  1.1
Stealth        | |  0.2
Shields        | |  3.9

Action                   |  1- 3 |  4- 6 || total
-------------------------+-------+-------++-------
Melee: Long sword        |   141 |   144 ||   285
Throw: Boomerang         |       |     1 ||     1
  Use: Potion            |       |     1 ||     1
Armor: Scale mail        |    99 |    22 ||   121
       Chain mail        |       |    70 ||    70
Dodge: Dodged            |    68 |    63 ||   131
Block: Buckler           |    34 |    40 ||    74
